 Dungeon Crawl Stone Soup version 0.30-a0-587-gfd7c166f36 (webtiles) character file.

Game seed: 12878359947333447061

53 Bnni the Vexing (level 4, -4/32 HPs)
             Began as a Formicid Hexslinger on Jan 4, 2023.
             Slain by a hobgoblin
             ... wielding a +0 mace
              (8 damage)
             ... on level 2 of the Dungeon.
             The game lasted 00:00:57 (906 turns).

Bnni the Vexing (Formicid Hexslinger)                Turns: 906, Time: 00:00:58

Health: -4/32      AC:  2    Str: 14    XL:     4   Next: 10%
Magic:  6/6        EV: 12    Int: 15    God:
Gold:   90         SH:  0    Dex: 14    Spells: 2/6 levels left

rFire   . . .      SeeInvis +    a - +1 sling
rCold   . . .      Faith    .    (no shield)
rNeg    . . .      Spirit   .    c - +0 robe
rPois   .          Reflect  .    (helmet unavailable)
rElec   .          Harm     .    (no cloak)
rCorr   .          Rampage  .    (no gloves)
Will    .....                    (no boots)
Stlth   +                        (no amulet)
HPRegen 0.25/turn                (no ring)
MPRegen 0.10/turn                (no ring)

@: no status effects
A: permanent stasis, dig shafts and tunnels, antennae 3, four strong arms
a: Dig, Shaft Self


You were on level 2 of the Dungeon.
You visited 1 branch of the dungeon, and saw 2 of its levels.

You collected 90 gold pieces.

Inventory:

Hand Weapons
 a - a +1 sling (weapon)
Missiles
 f - 6 curare-tipped darts
Armour
 c - a +0 robe (worn)
Scrolls
 b - a scroll of poison
 d - a scroll of vulnerability {unknown}
 e - a scroll of brand weapon {unknown}
Potions
 g - a potion of mutation {unknown}
 h - a potion of heal wounds {unknown}


   Skills:
 + Level 1.6 Fighting
 * Level 2.7 Ranged Weapons
 - Level 1.7 Dodging
 + Level 1.5 Spellcasting
 * Level 4.1 Hexes
 * Level 1.5 Fire Magic


You had 2 spell levels left.
You knew the following spells:

 Your Spells              Type           Power      Damage    Failure   Level
a - Slow                  Hex            52%        N/A       4%          1
b - Inner Flame           Hex/Fire       9%         N/A       22%         3

Your spell library contained the following spells:

 Spells                   Type           Power      Damage    Failure   Level
 Portal Projectile        Hex/Tloc       14%        N/A       30%         3
 Cause Fear               Hex            6%         N/A       38%         4


Dungeon Overview and Level Annotations

Branches:
Dungeon (2/15)

Altars:


Innate Abilities, Weirdness & Mutations

You cannot be hasted, slowed, berserked, paralysed or teleported.
You can dig through walls and to a lower floor.
You have a pair of large antennae on your head. (SInv)
Your four strong arms can wield two-handed weapons with a shield.


Message History

The hobgoblin closely misses you.
You shoot a sling bullet.
The sling bullet hits the hobgoblin but does no damage.
The hobgoblin hits you with a +0 mace!
You shoot a sling bullet.
The sling bullet hits the hobgoblin but does no damage.
The hobgoblin misses you. The hobgoblin barely misses you.
You shoot a sling bullet.
The sling bullet barely misses the hobgoblin. x2
The hobgoblin hits you with a +0 mace!
You are too injured to fight recklessly!
You are too injured to fight recklessly!
You are too injured to fight recklessly!
You are too injured to fight recklessly!
You are too injured to fight recklessly!
You are too injured to fight recklessly!
You are too injured to fight recklessly!
Fire: a) +1 sling
Press: ? - help, Shift-Dir - straight line, f/p - hobgoblin
Aim: a hobgoblin, wielding a +0 mace (57% to hit)
You shoot a sling bullet.
The sling bullet barely misses the hobgoblin.
The sling bullet closely misses the hobgoblin.
The hobgoblin hits you with a +0 mace.
Fire: a) +1 sling
Press: ? - help, Shift-Dir - straight line, f/p - hobgoblin
Aim: a hobgoblin, wielding a +0 mace (57% to hit)
You shoot a sling bullet.
The sling bullet closely misses the hobgoblin.
The sling bullet barely misses the hobgoblin.
The hobgoblin misses you.
Fire: a) +1 sling
Press: ? - help, Shift-Dir - straight line, f/p - hobgoblin
Aim: a hobgoblin, wielding a +0 mace (57% to hit)
You shoot a sling bullet. The sling bullet hits the hobgoblin.
The hobgoblin is severely wounded.
The hobgoblin hits you with a +0 mace.
* * * LOW HITPOINT WARNING * * *
The hobgoblin hits you with a +0 mace!
You die...

##### #...# ###
##...#### ....
#.......# .....
#.†.....###......
#.......'@gg.....
#.......###......
##.###### .#...
#.# # . #.# #.#
#.# #.# #.#


You could see 2 hobgoblins.

Vanquished Creatures
  An adder (D:2)
  A dart slug (D:2)
  6 endoplasms
  3 giant cockroaches
  2 goblins (D:1)
  2 hobgoblins (D:2)
  10 jackals
  A kobold (D:1)
  A quokka (D:1)
  3 ball pythons
  3 bats
  2 rats
35 creatures vanquished.

Notes
Turn   | Place    | Note
-------+----------+-------------------------------------------
     0 | D:1      | Bnni the Formicid Hexslinger began the quest for the Orb.
     0 | D:1      | Reached XP level 1. HP: 15/15 MP: 2/2
    99 | D:1      | Reached XP level 2. HP: 18/21 MP: 3/3
   532 | D:1      | Reached skill level 4 in Hexes
   532 | D:1      | Reached skill level 1 in Fire Magic
   622 | D:2      | Reached XP level 3. HP: 26/26 MP: 4/4
   649 | D:2      | Learned a level 3 spell: Inner Flame
   894 | D:2      | Reached XP level 4. HP: 31/32 MP: 6/6
   906 | D:2      | Slain by a hobgoblin

Illustrated notes

Levels and vault maps discovered:
D:1:      amcnicky_arrival_flooded_fountain, layout_loops_ring
D:2:      layout_basic

Skill      XL: |  1  2 |
---------------+-------+-----
Hexes          | 4 |  4.1
Fire Magic     | 1 |  1.5
Fighting       | |  1.6
Ranged Weapons | |  2.7
Dodging        | |  1.7
Spellcasting   | |  1.5

Action                   |  1- 3 |  4- 6 || total
-------------------------+-------+-------++-------
 Fire: Sling             |   107 |    13 ||   120
Armor: Robe              |    15 |     1 ||    16
Dodge: Dodged            |    50 |    10 ||    60

Table legend: (Time is in decaauts)
 A = Elapsed time spent in this place.
 B = Non-inter-level travel time spent in this place.
 C = Inter-level travel time spent in this place.
 D = Time resting spent in this place.
 E = Time spent auto-exploring this place.
 F = Levels seen in this place.
 G = Mean time per level.
                   A        B        C        D        E       F      G
               +--------+--------+--------+--------+--------+-----+--------+
         Total |    939 |    901 |     38 |      0 |    691 |   2 |  469.5 |
       Dungeon |    939 |    901 |     38 |      0 |    691 |   2 |  469.5 |
               +--------+--------+--------+--------+--------+-----+--------+

Top non-repeatable levels by time:
     D:1: 625 daAuts
     D:2: 313 daAuts
